 Dungeon Crawl Stone Soup version 0.17-a0-1322-g2a080e7 (webtiles) character file.

1290 Geomchi the Ruffian (level 8, 0/68 HPs)
             Began as a Grey Draconian Transmuter on June 9, 2015.
             Was a Follower of Cheibriados.
             Succumbed to poison (a potion of poison)
             ... on level 6 of the Dungeon.
             The game lasted 00:13:13 (7038 turns).

Geomchi the Ruffian (Grey Draconian Transmuter)     Turns: 7038, Time: 00:13:13

Health: 0/68       AC:  2    Str: 16    XL:     8   Next: 30%
Magic:  1/9        EV: 24    Int: 15    God:    Cheibriados [*.....]
Gold:   358        SH:  0    Dex: 20    Spells: 3 memorised, 5 levels left

rFire  . . .     SeeInvis .       - Unarmed
rCold  + . .     Clarity  .     (armour unavailable)
rNeg   . . .     SustAt   .     (shield currently unavailable)
rPois  x         Gourm    .     (helmet currently unavailable)
rElec  .         Spirit   .     (cloak currently unavailable)
rCorr  .         Warding  .     (gloves currently unavailable)
rMut   .         Stasis   .     (boots currently unavailable)
MR     .....                    (no amulet)
Stlth  ++........               (no ring)
                                y - ring of protection from cold

@: lethally poisoned (0 -> -12), spider-form, very slightly contaminated, very
slow, not resistant to hostile enchantments, unstealthy
A: (walk through water), unfitting armour, (antennae 0), low mp 1, screaming 1,
(unbreathing), (cold-blooded), AC +11
a: End Transformation, Bend Time, Renounce Religion


You were on level 6 of the Dungeon.
You worshipped Cheibriados.
Cheibriados was aware of your devotion.
You were hungry.
You were a venomous arachnid creature.
You visited 2 branches of the dungeon, and saw 7 of its levels.

You collected 358 gold pieces.

Inventory:

Missiles
 a - 12 arrows
Armour
 z - a +0 cloak (melded)
Jewellery
 y - a ring of protection from cold (left front leg)
Scrolls
 d - a scroll of magic mapping {unknown}
 f - 4 scrolls of identify {unknown}
 l - 3 scrolls of remove curse {unknown}
 m - 4 scrolls of random uselessness {unknown}
 p - a scroll of enchant weapon {unknown}
 r - 4 scrolls of recharging {unknown}
 v - a scroll of noise {unknown}
 x - a scroll of amnesia {unknown}
 A - a scroll of vulnerability {unknown}
 B - a scroll of teleportation {unknown}
Potions
 g - a potion of cancellation {unknown}
 h - 2 potions of flight
 i - 2 potions of mutation
 n - a potion of haste {unknown}
 o - a potion of invisibility {unknown}
 q - a potion of brilliance {unknown}
 s - a potion of magic {unknown}
 t - a potion of lignification {unknown}
 u - 2 potions of poison
Books
 b - a book of Changes

   Spells                             Type                      Level
   a - Beastly Appendage              Transmutation                1
   b - Sticks to Snakes               Transmutation                2
   c - Spider Form                    Transmutation/Poison         3
   d - Ice Form                       Ice/Transmutation            4
   e - Blade Hands                    Transmutation                5
Comestibles
 c - 2 bread rations {@e1}
 k - 2 meat rations {@e2}
 w - 4 fruits


   Skills:
 - Level 5.2 Fighting
 - Level 4.8 Dodging
 - Level 6.1 Unarmed Combat
 - Level 2.0 Spellcasting
 + Level 5.4 Transmutations


You had 5 spell levels left.
You knew the following spells:

 Your Spells              Type           Power        Failure   Level  Hunger
a - Beastly Appendage     Trmt           ###...       10%         1    #......
b - Sticks to Snakes      Trmt           ###.......   14%         2    ###....
d - Spider Form           Trmt/Pois      #.........   45%         3    ###....


Dungeon Overview and Level Annotations

Branches:
Dungeon (6/15)             Temple (1/1) D:5

Altars:
Cheibriados
Elyvilon
Kikubaaqudgha
Makhleb
Nemelex Xobeh
Ru
Vehumet
Yredelemnul
The Shining One

Annotations:
D:4 Somebody's ghost, experienced NaWr
D:6 Quirk's ghost, experienced GrFi


Innate Abilities, Weirdness & Mutations

((You can walk through water.))
((Your dull iron-grey scales are very hard (AC +11).))
Your body does not fit into most forms of armour.
((You can survive without breathing.))
((You are cold-blooded and may be slowed by cold attacks.))
((You have a pair of small antennae on your head.))
Your magical capacity is low (-10% MP).
You occasionally shout uncontrollably at your foes.


Message History

You take 3 damage, and have 8/68 hp.
You bite Quirk's ghost!
* * * LOW HITPOINT WARNING * * *
You feel sick.
Your ball python withers and dies!
Quirk's ghost closely misses you.
You closely miss Quirk's ghost.
* * * LOW HITPOINT WARNING * * *
You feel sick. Quirk's ghost barely misses you.
You take 1 damage, and have 7/68 hp.
You hit Quirk's ghost.
* * * LOW HITPOINT WARNING * * *
You feel sick. Quirk's ghost completely misses you.
You hit Quirk's ghost.
* * * LOW HITPOINT WARNING * * *
You feel sick. Quirk's ghost hits you.
* * * LOW HITPOINT WARNING * * *
You take 6 damage, and have 1/68 hp.
You hit Quirk's ghost but do no damage.
You die...

..# #.#.###################.##.
..#####.#............#...# #.##.
..'..................>#..#..#.##.
..#####.############..#..#.[#.##.
..# #.# #......#..#..#.##. ..#
#.# #.##...#..#..#.##. ..# #.#
#.##...#..#..#.##. ### #.#
#W##...#.<#..#.##. #.#####
#s##...#.##..#.##. #.....#
#.##...#........#. #####.#
#.##...##########( #.#
#.#....#.......##.
#.####.#.#..#.#####.##.
#...........#.# #.##.
#######.###..#.# #.##.
+......).......# #.##. .
#######.############.##.


You could see Quirk's ghost.

Vanquished Creatures
  Pikel (D:4)
  The ghost of Boomshaker the Changer, an average NaTm (D:3)
  A slave (D:4)
  A necrophage (D:5)
  A phantom (D:6)
  Blork the orc (D:2)
  A big kobold (D:4)
  A hound (D:5)
  A jelly (D:6)
  4 iguanas
  A crimson imp (D:5)
  A worker ant (D:4)
  8 adders
  An ooze (D:1)
  4 worms
  An adder skeleton (D:5)
  7 giant geckos
  8 orcs
  9 bats
  3 giant cockroaches
  10 hobgoblins
  A ball python (D:3)
  3 giant newts
  10 goblins
  6 jackals
  A jackal zombie (D:5)
  10 kobolds
  A quokka (D:2)
  9 rats
107 creatures vanquished.

Vanquished Creatures (collateral kills)
  2 orc wizards (D:4)
  A worker ant (D:5)
  A rat (D:3)
4 creatures vanquished.

Vanquished Creatures (others)
  A bat skeleton (D:4)
1 creature vanquished.

Grand Total: 112 creatures vanquished

Notes
Turn   | Place    | Note
--------------------------------------------------------------
     0 | D:1      | Geomchi the Draconian Transmuter began the quest for the Orb.
     0 | D:1      | Reached XP level 1. HP: 16/16 MP: 3/3
   411 | D:1      | Reached XP level 2. HP: 21/23 MP: 3/5
  1333 | D:2      | Learned a level 2 spell: Sticks to Snakes
  1414 | D:2      | Reached XP level 3. HP: 27/29 MP: 6/6
  2378 | D:2      | Reached XP level 4. HP: 31/36 MP: 7/7
  2765 | D:3      | Noticed Boomshaker's ghost (average NaTm)
  2780 | D:3      | Killed Boomshaker's ghost
  2780 | D:3      | Reached skill level 4 in Unarmed Combat
  2780 | D:3      | Reached XP level 5. HP: 16/45 MP: 1/8
  3813 | D:4      | Reached XP level 6. HP: 46/51 MP: 6/9
  3855 | D:4      | Found a sparkling altar of Nemelex Xobeh.
  3858 | D:4      | Found a glowing golden altar of the Shining One.
  3859 | D:4      | Found a burning altar of Makhleb.
  3875 | D:4      | Noticed a slave
  3917 | D:4      | Killed a slave
  4014 | D:4      | Noticed an ogre
  4362 | D:4      | Noticed Somebody's ghost (experienced NaWr)
  4646 | D:4      | Noticed Pikel
  4657 | D:4      | Noticed a slave
  4657 | D:4      | Noticed a slave
  4660 | D:4      | Noticed a slave
  4663 | D:4      | Noticed Blork the orc
  4696 | D:4      | Killed Pikel
  4696 | D:4      | Reached skill level 5 in Fighting
  4696 | D:4      | Reached skill level 5 in Unarmed Combat
  4696 | D:4      | Your scales start taking on a dull iron-grey colour.
  4696 | D:4      | Gained mutation: You can survive without breathing. [Grey Draconian growth]
  4696 | D:4      | Reached XP level 7. HP: 9/61 MP: 3/10
  4762 | D:3      | HP: 1/61 [Blork the orc/flail (9)]
  4775 | D:2      | Killed Blork the orc
  5123 | D:4      | Reached skill level 6 in Unarmed Combat
  5208 | D:4      | Found a radiant altar of Vehumet.
  5210 | D:4      | Found a snail-covered altar of Cheibriados.
  5268 | D:5      | Entered Level 5 of the Dungeon
  5311 | D:4      | Became a worshipper of Cheibriados the Contemplative
  5367 | D:5      | Found a staircase to the Ecumenical Temple.
  5375 | Temple   | Entered the Ecumenical Temple
  5784 | D:5      | Found a glowing golden altar of the Shining One.
  5829 | D:5      | Reached XP level 8. HP: 60/68 MP: 9/11
  5834 | D:5      | Learned a level 3 spell: Spider Form
  6282 | D:5      | Acquired Cheibriados's first power
  6854 | D:6      | Reached skill level 5 in Transmutations
  6994 | D:6      | Noticed Quirk's ghost (experienced GrFi)
  7025 | D:6      | HP: 3/68 [Quirk's ghost (5)]
  7026 | D:6      | Gained mutation: Your magical capacity is low (-10% MP). [potion of mutation]
  7026 | D:6      | Gained mutation: You occasionally shout uncontrollably at your foes. [potion of mutation]
  7026 | D:6      | Gained mutation: You have a pair of small antennae on your head. [potion of mutation]
  7027 | D:6      | HP: 1/68 [poison (a potion of poison)]
  7037 | D:6      | HP: 1/68 [Quirk's ghost (4)]
  7038 | D:6      | Succumbed to poison (a potion of poison)

Vault maps used:
D:1:      minmay_arrival_wavy_path, item_on_display_a
D:4:      nicolae_overflow_hidden_temple, gup_ossuary_entry_pyramid,
          first_bread, uniq_blork_the_orc, uniq_pikel
D:5:      minmay_temple_entry_hall, kennysheep_small_spiral,
          nicolae_tso_carved_into_rock
D:6:      gammafunk_temple_overflow_elements, serial_shops,
          kennysheep_little_box, led_sif_pool
Temple:   temple_eino_lava_12

Action                   |  1- 3 |  4- 6 |  7- 9 || total
-------------------------+-------+-------+-------++-------
Melee: Unarmed           |   154 |   224 |   177 ||   555
 Cast: Beastly Appendage |    22 |    30 |    21 ||    73
       Sticks to Snakes  |       |    18 |     3 ||    21
       Spider Form       |       |       |     4 ||     4
  Use: Potion            |       |       |     6 ||     6
 Stab: Sleeping          |       |       |     1 ||     1
  Eat: Chunk             |     5 |     9 |     2 ||    16
       Meat ration       |       |       |     1 ||     1
       Pizza             |       |       |     1 ||     1
